 Dungeon Crawl Stone Soup version 0.27-a0-385-g3208abaabc (webtiles) character file.

Game seed: 15400498553637744429

53 ReteAZ the Sneak (level 4, -1/26 HPs)
             Began as a Kobold Brigand on Feb 19, 2021.
             Slain by an adder (4 damage)
             ... on level 3 of the Dungeon.
             The game lasted 00:03:16 (2472 turns).

ReteAZ the Sneak (Kobold Brigand)                   Turns: 2472, Time: 00:03:17

Health: -1/26      AC:  3    Str:  9    XL:     4   Next: 11%
Magic:  4/4        EV: 14    Int: 12    God:
Gold:   123        SH:  0    Dex: 16    Spells: 3/3 levels left

rFire    . . .     SeeInvis .   a - +2 dagger
rCold    . . .     Faith    .   (shield restricted)
rNeg     . . .     Spirit   .   p - +0 robe
rPois    .         Reflect  .   (no helmet)
rElec    .         Harm     .   s - +0 cloak
rCorr    .         Rampage  .   (no gloves)
Will     .....                  (no boots)
Stlth    +++++.....             (no amulet)
HPRegen  0.08/turn              (no ring)
MPRegen  0.09/turn              (no ring)

@: lethally poisoned (-1 -> -5), attractive, flying
A: small, nightstalker 3
a: no special abilities


You were on level 3 of the Dungeon.
You visited 1 branch of the dungeon, and saw 3 of its levels.

You collected 123 gold pieces.

Inventory:

Hand Weapons
 a - a +2 dagger (weapon)
 b - a +1 short sword of venom
 o - a +0 falchion
Missiles
 d - 12 poisoned darts (quivered)
 e - 2 curare-tipped darts
Armour
 c - a +0 cloak
 p - a +0 robe (worn)
 s - a +0 cloak (worn)
Scrolls
 f - 2 scrolls of teleportation {unknown}
 h - 2 scrolls of random uselessness {unknown}
 k - a scroll of amnesia {unknown}
 m - a scroll of fear {unknown}
 n - a scroll of identify {unknown}
 r - 3 scrolls of immolation {unknown}
Potions
 g - a potion of cancellation
 l - a potion of curing {unknown}
 q - a potion of lignification {unknown}


   Skills:
 - Level 2.1 Fighting
 - Level 2.6 Short Blades
 - Level 2.1 Throwing
 - Level 1.2 Dodging
 + Level 7.4 Stealth


You had 3 spell levels left.
You didn't know any spells.
Your spell library was empty.

Dungeon Overview and Level Annotations

Branches:
Dungeon (3/15)

Altars:
Cheibriados
Dithmenos
Elyvilon
Okawaru
Qazlal
Ru
Uskayaw
Vehumet


Innate Abilities, Weirdness & Mutations

You are small and have problems with some larger weapons.
You are completely attuned to the shadows.


Message History

You throw a poisoned dart.
The poisoned dart barely misses the adder.
The adder closely misses you.
Throw: 15 darts (poison)
Press: ? - help, Q - select action, (/) - cycle Shift-Dir - straight line, f/p - adder
Aim: an adder (lightly wounded, 44% to hit)
You throw a poisoned dart.
The poisoned dart completely misses the adder.
The adder closely misses you.
Throw: 14 darts (poison)
Press: ? - help, Q - select action, (/) - cycle Shift-Dir - straight line, f/p - adder
Aim: an adder (lightly wounded, 44% to hit)
You throw a poisoned dart. The poisoned dart misses the adder.
The adder closely misses you.
Throw: 13 darts (poison)
Press: ? - help, Q - select action, (/) - cycle Shift-Dir - straight line, f/p - adder
Aim: an adder (lightly wounded, 44% to hit)
You throw a poisoned dart. The poisoned dart hits the adder.
The adder is poisoned.
The adder is lightly wounded.
The adder bites you.
* * * LOW HITPOINT WARNING * * *
The adder bites you.
* * * LOW HITPOINT WARNING * * *
You are lethally poisoned!
The adder poisons you!
* * * LOW HITPOINT WARNING * * *
You feel sick.
* * * LOW HITPOINT WARNING * * *
You feel sick.
The adder looks more healthy.
The adder closely misses you.
It was a potion of cancellation.
You feel magically purged.
* * * LOW HITPOINT WARNING * * *
You feel sick. The adder completely misses you.
It was a potion of attraction.
You feel attractive to monsters. The adder misses you.
It was a potion of flight.
You feel very buoyant.
You fly up into the air.
The adder barely misses you. The adder bites you.
You die...

############
(..(....S@.#
##########.###.
...(.##.....
.........>#.
####.##.....
#.###.... #.#
.... #.# ....
####.#


You could see an adder.

Vanquished Creatures
  An ooze (D:2)
  A worm (D:2)
  A dart slug (D:2)
  2 leopard geckos
  6 bats
  5 giant cockroaches
  4 goblins
  4 hobgoblins
  3 jackals (D:1)
  3 kobolds
  A quokka (D:2)
  3 frilled lizards
  6 rats
40 creatures vanquished.

Vanquished Creatures (others)
  A hobgoblin (D:2)
  2 jackals (D:2)
  A kobold (D:2)
4 creatures vanquished.

Grand Total: 44 creatures vanquished

Notes
Turn   | Place    | Note
-------+----------+-------------------------------------------
     0 | D:1      | ReteAZ the Kobold Brigand began the quest for the Orb.
     0 | D:1      | Reached XP level 1. HP: 12/12 MP: 1/1
   408 | D:1      | Reached XP level 2. HP: 7/17 MP: 2/2
   413 | D:1      | Reached skill level 6 in Stealth
  1157 | D:1      | Reached XP level 3. HP: 21/21 MP: 3/3
  1864 | D:2      | Found a shadowy altar of Dithmenos.
  1879 | D:2      | Reached skill level 7 in Stealth
  1983 | D:2      | Found a radiant altar of Vehumet.
  2000 | D:2      | Found a snail-covered altar of Cheibriados.
  2108 | D:2      | Found an iron altar of Okawaru.
  2140 | D:2      | Reached XP level 4. HP: 26/26 MP: 4/4
  2229 | D:2      | Found a hide-covered altar of Uskayaw.
  2318 | D:2      | Found a sacrificial altar of Ru.
  2323 | D:2      | Found a stormy altar of Qazlal.
  2324 | D:2      | Found a white marble altar of Elyvilon.
  2472 | D:3      | Slain by an adder

Illustrated notes

Levels and vault maps discovered:
D:1:      lightli_arrival_quake, layout_basic
D:2:      layout_rooms, kennysheep_slug_shrine,
          grunt_dithmenos_smoke_and_mirrors, fiery_altar_vehumet,
          lemuel_coloured_pillars_altar, minitemple, okawaru_metal_pillars_3
D:3:      layout_basic, chequers_serial_rivers_marsh, xom_redecorated,
          uniq_terence, uniq_ijyb

Skill      XL: |  1  2  3 |
---------------+----------+-----
Stealth        | 6 7 |  7.4
Fighting       | |  2.1
Short Blades   | |  2.6
Throwing       | |  2.1
Dodging        | |  1.2

Action                   |  1- 3 |  4- 6 || total
-------------------------+-------+-------++-------
Melee: Dagger            |    89 |     9 ||    98
       Short sword       |     7 |       ||     7
Throw: Dart              |    15 |     6 ||    21
  Use: Potion            |       |     3 ||     3
 Stab: Sleeping          |    16 |     3 ||    19
       Distracted        |     1 |       ||     1
Armor: Robe              |    22 |     2 ||    24
Dodge: Dodged            |    82 |    11 ||    93

Table legend: (Time is in decaauts)
 A = Elapsed time spent in this place.
 B = Non-inter-level travel time spent in this place.
 C = Inter-level travel time spent in this place.
 D = Time resting spent in this place.
 E = Time spent auto-exploring this place.
 F = Levels seen in this place.
 G = Mean time per level.
                   A        B        C        D        E       F      G
               +--------+--------+--------+--------+--------+-----+--------+
         Total |   2461 |   2395 |     66 |      0 |   2055 |   3 |  820.3 |
       Dungeon |   2461 |   2395 |     66 |      0 |   2055 |   3 |  820.3 |
               +--------+--------+--------+--------+--------+-----+--------+

Top non-repeatable levels by time:
     D:1: 1786 daAuts
     D:2: 631 daAuts
     D:3: 43 daAuts
